Map: Ley Lines

Players

Krystianer

  • Race: Protoss Protoss
  • League: Master
  • Spawn Location: 1:00

LiquidClem (Clem) - Winner!

  • Race: Terran Terran
  • Spawn Location: 7:00

VOD

Have the link to the VOD?

Description

Time

  • Played on: Jan. 5, 2025, 2:23 p.m.
  • Length: 9:18
Show
View Real Time Build Order
Export as new Build Order

Krystianer Protoss 

Build Orders: 1 Gate Expand, Blink Stalkers 

Get SALT Encoding   

  12  0:00  Probe  
  13  0:12  Probe  
  14  0:16  Pylon  
  14  0:23  Probe  
  15  0:31  Probe  
  16  0:35  Gateway  
  16  0:39  Probe  
  16  0:44  Assimilator  
  17  0:50  Probe  
  18  1:03  Probe  
  19  1:15  Probe  
  20  1:24  Cybernetics Core  
  20  1:37  Nexus  
  20  1:44  Nexus  
  20  1:51  Pylon, Adept  
  20  1:53  Probe  
  23  2:05  Assimilator  
  23  2:09  Probe  
  23  2:11  Warp Gate, Adept  
  24  2:21  Probe  
  27  2:33  Probe  
  28  2:43  Twilight Council  
  28  2:45  Probe  
  28  2:51  Stalker, Blink  
  29  2:57  Probe  
  29  2:58  Probe  
  33  3:09  Probe  
  33  3:10  Probe  
  35  3:21  Probe  
  35  3:22  Probe  
  35  3:33  Probe  
  36  3:34  Probe  
  36  3:37  Shield Battery  
  36  3:39  Gateway  
  37  3:42  Gateway  
  37  3:44  Probe  
  37  3:45  Robotics Facility  
  38  3:49  Probe  
  38  3:52  Probe  
  39  3:59  Stalker  
  39  4:00  Probe  
  39  4:01  Probe  
  43  4:07  Pylon  
  45  4:19  Nexus  
  45  4:20  Probe  
  45  4:21  Probe  
  46  4:28  Stalker  
  48  4:34  Stalker  
  49  4:42  Stalker  
  49  4:43  Probe  
  49  4:45  Probe  
  45  4:56  Probe x2  
  47  5:04  Probe  
  47  5:06  Assimilator  
  47  5:08  Probe  
  47  5:09  Pylon  
  47  5:12  Probe  
  49  5:17  Stalker x2  
  54  5:25  Probe  
  54  5:26  Probe  
  56  5:29  Forge, Robotics Bay, Observer  
  56  5:33  Probe  
  56  5:34  Probe x2  
  58  5:36  Charge  
  58  5:42  Probe x2  
  58  5:45  Stalker, Probe  
  63  5:54  Stalker, Probe  
  63  5:55  Probe  
  67  5:57  Probe  
  67  6:01  Pylon  
  67  6:03  Protoss Ground Weapons Level 1  
  68  6:06  Probe x2  
  68  6:07  Probe  
  71  6:13  Stalker  
  71  6:14  Colossus, Probe  
  71  6:18  Probe  
  75  6:20  Probe  
  82  6:33  Pylon  
  82  6:35  Gateway  
  82  6:38  Gateway  
  82  6:40  Gateway  
  82  6:46  Gateway  
  82  6:48  Gateway  
  82  6:56  Zealot x3  
  82  6:59  Pylon  
  82  7:00  Pylon  
  88  7:07  Pylon  
  88  7:10  Shield Battery  
  88  7:16  Colossus  
  88  7:20  Zealot x3  
  100  7:25  Probe  
  100  7:30  Zealot  
  100  7:33  Probe  
  101  7:37  Zealot x2  
  101  7:40  Zealot x3  
  101  7:42  Zealot  
  93  7:45  Zealot  
  93  7:51  Zealot  
  75  7:58  Zealot x2  
  75  8:01  Stalker x3  
  75  8:05  Zealot x2  
  79  8:11  Colossus, Zealot  
  80  8:21  Zealot x2  
  80  8:27  Zealot x4  
  84  8:29  Zealot  
  84  8:32  Stalker  
  72  8:37  Shield Battery  
  62  8:42  Zealot x2  
  62  8:43  Probe x3  
Show
View Real Time Build Order
Export as new Build Order

LiquidClem Terran - Winner!

Build Orders:  

Get SALT Encoding   

  12  0:00  SCV  
  13  0:12  SCV  
  14  0:17  Supply Depot  
  14  0:24  SCV  
  15  0:39  SCV  
  15  0:41  Barracks  
  16  0:43  Refinery  
  16  0:51  SCV  
  17  1:03  SCV  
  18  1:07  Engineering Bay  
  18  1:15  SCV  
  19  1:27  Marine  
  19  1:28  Orbital Command  
  20  1:44  Command Center  
  20  1:48  Barracks Reactor  
  20  1:53  SCV  
  21  1:59  Supply Depot  
  21  2:06  SCV  
  22  2:10  Factory  
  22  2:18  SCV  
  22  2:19  Refinery  
  23  2:24  Marine x2  
  25  2:30  SCV  
  26  2:42  Marine x2, SCV  
  29  2:53  Widow Mine  
  29  2:55  Starport  
  29  2:56  Orbital Command  
  32  2:58  SCV  
  32  3:00  Marine  
  32  3:02  Marine  
  34  3:10  SCV  
  35  3:17  Supply Depot  
  35  3:19  Marine  
  38  3:20  Widow Mine  
  38  3:21  Marine  
  38  3:23  SCV  
  38  3:25  SCV  
  40  3:31  Medivac  
  42  3:35  SCV  
  42  3:37  Marine  
  42  3:39  Marine, SCV  
  48  3:41  Widow Mine  
  48  3:47  SCV  
  49  3:49  Supply Depot  
  49  3:51  SCV  
  49  3:54  Barracks  
  50  3:57  Marine x2  
  50  4:00  SCV  
  50  4:02  Starport Tech Lab  
  53  4:05  Factory Tech Lab  
  53  4:08  Supply Depot  
  53  4:09  SCV  
  54  4:12  SCV  
  54  4:15  Marine x2  
  57  4:20  Raven  
  57  4:21  SCV  
  60  4:27  Supply Depot  
  60  4:30  Siege Tank  
  63  4:31  SCV  
  63  4:33  Marine x2, SCV  
  67  4:42  Marine  
  67  4:44  SCV  
  65  4:46  SCV  
  65  4:48  Barracks  
  61  4:54  Marine x2  
  61  4:56  SCV  
  61  4:58  SCV  
  61  4:59  Supply Depot  
  62  5:00  Bunker  
  62  5:01  Refinery  
  62  5:06  Siege Tank  
  65  5:08  SCV  
  65  5:10  Stimpack  
  65  5:11  Marine, Engineering Bay  
  65  5:15  SCV  
  65  5:16  Supply Depot  
  65  5:18  Marine x2  
  68  5:23  Refinery  
  68  5:24  Starport Reactor, SCV  
  68  5:27  SCV  
  70  5:30  Supply Depot  
  70  5:32  Marauder  
  72  5:39  SCV  
  73  5:47  Barracks Reactor  
  73  5:50  Marine x2  
  73  5:51  Terran Infantry Weapons Level 1  
  73  5:53  Marauder, Command Center  
  73  5:55  Combat Shield  
  73  5:56  Factory Reactor  
  77  5:57  Marauder  
  79  6:05  Barracks  
  79  6:08  Marine x2, Barracks  
  81  6:15  Marauder  
  81  6:16  Medivac  
  81  6:17  Medivac  
  87  6:20  Supply Depot  
  87  6:23  Marauder  
  89  6:26  SCV  
  89  6:28  SCV  
  89  6:31  Marine  
  89  6:32  Marine  
  93  6:34  Supply Depot  
  93  6:35  Widow Mine  
  93  6:36  Widow Mine, Marauder  
  93  6:38  SCV  
  100  6:43  Supply Depot  
  100  6:46  Marauder, SCV  
  103  6:53  Marine x2  
  103  6:56  Barracks Reactor, Barracks Tech Lab  
  103  6:57  Widow Mine x2  
  103  6:58  SCV  
  110  7:01  Marauder  
  110  7:03  Medivac  
  112  7:10  Supply Depot, Marauder, SCV  
  112  7:13  Marine x2  
  117  7:16  Medivac  
  117  7:17  Marauder  
  117  7:19  SCV  
  117  7:22  Widow Mine  
  122  7:23  Marauder  
  122  7:27  SCV  
  125  7:31  Marauder, SCV  
  125  7:33  Widow Mine  
  125  7:35  Marine x2  
  132  7:39  Marine, SCV  
  132  7:40  SCV  
  132  7:41  Marine  
  123  7:44  Supply Depot  
  123  7:46  Widow Mine, SCV  
  123  7:50  Medivac  
  121  7:51  Marauder, SCV  
  121  7:55  Orbital Command  
  122  7:59  Marine x2  
  122  8:00  Marine x2  
  122  8:01  Marauder  
  122  8:02  SCV  
  125  8:09  Widow Mine x2  
  125  8:12  Supply Depot, Medivac  
  127  8:14  SCV  
  127  8:16  Marauder  
  127  8:17  Marine  
  127  8:19  Marine x3  
  126  8:28  Marauder x2, SCV  
  126  8:31  Widow Mine x2  
  126  8:33  Viking  
  133  8:35  Supply Depot  
  133  8:37  Supply Depot, Marine  
  133  8:40  Marine x2  
  133  8:41  Marine, Marauder  
  131  8:44  Supply Depot, SCV  
Tags
 
Composition
Blink Stalkers
League
Master
Matchup
PvT
Spawn Locations
Cross Positions
Add a new tag
Caveats
  • Supply blocks, unpowered buildings, or Contaminate may cause inaccurate times.
  • Supply counts are checked every 10 seconds.